 Dungeon Crawl Stone Soup version 0.27.0-1-g7a089689b8 (webtiles) character file.

Game seed: 9094704233241937559

148 HungrySpirit the Ducker (level 5, -3/39 HPs)
             Began as a Human Arcane Marksman on July 31, 2021.
             Slain by an ogre (23 damage)
             ... on level 3 of the Dungeon.
             The game lasted 00:03:30 (2756 turns).

HungrySpirit the Ducker (Human Arcane Marksman)     Turns: 2756, Time: 00:03:30

Health: -3/39      AC: 10    Str: 11    XL:     5   Next: 56%
Magic:  6/6        EV: 11    Int: 14    God:
Gold:   142        SH:  0    Dex: 13    Spells: 5/6 levels left

rFire    . . .     SeeInvis .   r - +0 hand axe
rCold    . . .     Faith    .   (no shield)
rNeg     . . .     Spirit   .   g - +4 ring mail
rPois    .         Reflect  .   (no helmet)
rElec    .         Harm     .   (no cloak)
rCorr    .         Rampage  .   (no gloves)
Will     .....                  b - +0 pair of boots
Stlth    +.........             (no amulet)
HPRegen  0.13/turn              (no ring)
MPRegen  0.10/turn              (no ring)

@: no status effects
A: no striking features
a: no special abilities


You were on level 3 of the Dungeon.
You visited 1 branch of the dungeon, and saw 3 of its levels.

You collected 142 gold pieces.

Inventory:

Hand Weapons
 a - a +0 shortbow
 d - a +0 dagger
 f - a +0 battleaxe
 r - a +0 hand axe (weapon)
Missiles
 c - 20 arrows
Armour
 b - a +0 pair of boots (worn)
 g - a +4 ring mail (worn)
Scrolls
 h - 3 scrolls of identify {unknown}
 i - a scroll of amnesia {unknown}
 j - a scroll of holy word {unknown}
 k - 2 scrolls of fear {unknown}
 l - 2 scrolls of teleportation {unknown}
 q - a scroll of fog {unknown}
Potions
 e - a potion of cancellation {unknown}
 m - a potion of degeneration {unknown}
 n - a potion of magic {unknown}
 o - 2 potions of curing {unknown}
 p - 2 potions of haste {unknown}


   Skills:
 + Level 2.4 Fighting
 * Level 2.3 Axes
 - Level 2.0 Bows
 + Level 2.1 Armour
 + Level 3.1 Dodging
 - Level 1.0 Spellcasting
 - Level 3.0 Hexes


You had 5 spell levels left.
You knew the following spells:

 Your Spells              Type           Power      Damage    Failure   Level
a - Corona                Hex            10%        N/A       19%         1

Your spell library contained the following spells:

 Spells                   Type           Power      Damage    Failure   Level
 Slow                     Hex            9%         N/A       26%         2
 Inner Flame              Hex/Fire       4%         N/A       69%         3
 Portal Projectile        Hex/Tloc       8%         N/A       69%         3
 Cause Fear               Hex            4%         N/A       87%         4


Dungeon Overview and Level Annotations

Branches:
Dungeon (3/15)

Altars:
Kikubaaqudgha
The Shining One

Annotations:
D:2 1 runed translucent door, Crazy Yiuf


Message History

The worm is almost dead.
You shoot an arrow. The arrow completely misses the worm.
You shoot an arrow. The arrow hits the worm!
You kill the worm!
No target in view!
No target in view!
No target in view!
c - 21 arrows (gained 1)
You see here a worm corpse.
c - 22 arrows (gained 1)
c - 24 arrows (gained 2)
You see here a worm corpse.
l - 2 scrolls labelled CIOKHO SAARIP (gained 1)
There is an open door here.
There is an open door here.
An ogre comes into view. It is wielding a +0 giant club.
The ogre shouts!
An ogre is nearby!
You shoot an arrow. The arrow barely misses the ogre.
Fire: 23 arrows
Press: ? - help, Q - select action, (/) - cycle Shift-Dir - straight line, f/p - ogre
Aim: an ogre, wielding a +0 giant club (74% to hit)
Okay, then.
Okay, then.
Okay, then.
You shoot an arrow. The arrow barely misses the ogre.
You shoot an arrow. The arrow hits the ogre.
The ogre is lightly wounded.
You shoot an arrow.
The arrow hits the ogre but does no damage.
The ogre is lightly wounded.
r - a +0 hand axe (weapon)
You hit the ogre.
The ogre is moderately wounded.
The ogre hits you with a +0 giant club!!
You hit the ogre but do no damage.
The ogre is moderately wounded.
The ogre hits you with a +0 giant club!!
Ouch! That really hurt!
You die...

#.#.## ##.......#
####....####......((.##
.....<....)'.........'
####....####.........#
#......<# ##.....(.##
#.##.##.# ##....(##
#.##.##.# ##...##
#.##.##.# #O##
#.##.##.# #@# #.##.##.#
#.# #.......# ####.####
####.#### #.......##
#.# #...........
#.########.#...#.####
#.............##.#
##########.#### # #.#


You could see an ogre.

Vanquished Creatures
  An orc priest (D:3)
  4 adders (D:3)
  An adder skeleton (D:3)
  3 worms
  A dart slug (D:2)
  4 orcs (D:3)
  9 ball pythons
  12 bats
  6 endoplasms
  2 giant cockroaches
  6 goblins
  3 hobgoblins
  2 quokkas (D:1)
  A frilled lizard (D:1)
  4 kobolds
  5 rats
64 creatures vanquished.

Vanquished Creatures (others)
  7 withered plants (D:3)
7 creatures vanquished.

Grand Total: 71 creatures vanquished

Notes
Turn   | Place    | Note
-------+----------+-------------------------------------------
     0 | D:1      | HungrySpirit the Human Arcane Marksman began the quest for
                  | the Orb.
     0 | D:1      | Reached XP level 1. HP: 15/15 MP: 2/2
   158 | D:1      | Reached XP level 2. HP: 21/21 MP: 3/3
   289 | D:1      | Reached skill level 1 in Armour
   560 | D:1      | Reached XP level 3. HP: 26/26 MP: 4/4
   844 | D:2      | Found an ancient bone altar of Kikubaaqudgha.
  1364 | D:2      | Reached skill level 1 in Axes
  1438 | D:2      | Reached XP level 4. HP: 33/33 MP: 5/5
  1492 | D:2      | Found a runed translucent door.
  1493 | D:2      | Noticed Crazy Yiuf
  2065 | D:3      | Reached XP level 5. HP: 38/38 MP: 6/6
  2169 | D:3      | Found a glowing golden altar of the Shining One.
  2749 | D:3      | Noticed an ogre
  2756 | D:3      | Slain by an ogre

Illustrated notes

Levels and vault maps discovered:
D:1:      psy_arrival_spokes, layout_loops_cross
D:2:      layout_loops_corners, basic_altar, uniq_crazy_yiuf_cottage
D:3:      layout_loops_corners, mainiacjoe_overflow_alcove_2,
          ebering_ecumenical_altar_petrified, st_stairs_2

Skill      XL: |  1  2  3  4  5 |
---------------+----------------+-----
Armour         | 1 2 |  2.1
Fighting       | 2 |  2.4
Axes           | 1 2 |  2.3
Dodging        | 3 |  3.1
Bows           | |  2.0
Spellcasting   | |  1.0
Hexes          | |  3.0

Action                   |  1- 3 |  4- 6 || total
-------------------------+-------+-------++-------
Melee: Battleaxe         |       |     9 ||     9
       Hand axe          |       |     2 ||     2
 Fire: Shortbow          |   129 |    99 ||   228
Armor: Ring mail         |    35 |    19 ||    54
Dodge: Dodged            |    39 |    34 ||    73
